 Dungeon Crawl Stone Soup version 0.30-a0-989-g0d87f670db (webtiles) character file.

Game seed: 17532643171676502073

422 Mesmaeker13 the Ruffian (level 6, -5/55 HPs)
             Began as a Ghoul Gladiator on Apr 2, 2023.
             Slain by a wyvern (14 damage)
             ... on level 4 of the Dungeon.
             The game lasted 00:05:15 (3935 turns).

Mesmaeker13 the Ruffian (Ghoul Gladiator)           Turns: 3935, Time: 00:05:15

Health: -5/55      AC:  7    Str: 15 (18) XL:     6   Next: 95%
Magic:  0/5        EV: 11    Int:  4 (5)  God:
Gold:   188        SH:  0    Dex:  7 (10) Spells: 5/5 levels left

rFire   . . .      SeeInvis .      - Unarmed
rCold   + . .      Faith    .    (no shield)
rNeg    + + +      Spirit   +    n - +0 ring mail
rPois   ∞          Reflect  .    b - +0 helmet
rElec   .          Rampage  .    (no cloak)
rCorr   .                        q - +0 pair of gloves
Will    .....                    (no boots) Stlth
                                 g - amulet of guardian spirit
HPRegen 0.00/turn                (no ring)
MPRegen 0.09/turn                (no ring)

@: brilliant, inhibited regen
A: claws 1, cold resistance 1, negative energy resistance 3, inhibited
regeneration, torment resistance 2, devour on kill
a: no special abilities


You were on level 4 of the Dungeon.
You visited 1 branch of the dungeon, and saw 5 of its levels.
You also visited: Sewer.

You collected 188 gold pieces.

Inventory:

Hand Weapons
 f - a +0 dagger of protection
Armour
 a - a +0 leather armour
 b - a +0 helmet (worn)
 m - a +0 scale mail
 n - a +0 ring mail (worn)
 q - a +0 pair of gloves (worn)
Jewellery
 g - an amulet of guardian spirit (around neck)
 o - an amulet of faith
Scrolls
 c - a scroll of noise {unknown}
 i - 2 scrolls of acquirement {unknown}
 j - 2 scrolls of teleportation
 k - a scroll of amnesia {unknown}
 p - a scroll of blinking {unknown}
 r - 2 scrolls of vulnerability {unknown}
 s - a scroll of enchant weapon
 u - a scroll of immolation {unknown}
 w - a scroll of fear {unknown}
 y - 2 scrolls of poison
Potions
 h - a potion of resistance
 l - a potion of degeneration
 t - a potion of flight
 v - 3 potions of cancellation {unknown}
 x - 3 potions of curing {unknown}
 z - 2 potions of heal wounds


   Skills:
 + Level 4.8 Fighting
 - Level 1.7 Throwing
 + Level 0.0 Armour
 - Level 4.5 Dodging
 + Level 5.4 Unarmed Combat


You had 5 spell levels left.
You didn't know any spells.
Your spell library contained the following spells:

 Spells                   Type           Power      Damage    Failure   Level
 Ensorcelled Hibernation  Hex/Ice        0%         N/A       86%         2
 Passwall                 Tmut/Erth      0%         N/A       86%         2
 Scorch                   Fire           0%         2d5       86%         2
 Swiftness                Air            0%         N/A       98%         3
 Flame Wave               Conj/Fire      0%         2d4       100%        4
 Summon Cactus Giant      Summ           0%         N/A       100%        6


Dungeon Overview and Level Annotations

Branches:
Dungeon (5/15)              Sewer (visited)
 Temple: D:4-7

Altars:

Shops:
D:4 *


Innate Abilities, Weirdness & Mutations

You are immune to poison.
You have sharp fingernails.
Your flesh is cold resistant. (rC+)
You are immune to negative energy. (rN+++)
You do not regenerate when monsters are visible.
You are immune to unholy pain and torment.
You thrive by killing the living.


Message History

You climb upwards.
There is a stone staircase leading down here.
It was a potion of degeneration.
There was something very wrong with that liquid.
You feel weakened.
You feel dopey.
You feel clumsy. The wyvern barely misses you. The wyvern bites you!
It was a potion of magic.
Magic courses through your body. The wyvern misses you.
You closely miss the wyvern. The wyvern closely misses you.
You barely miss the wyvern. The wyvern closely misses you.
The wyvern barely misses you.
You punch the wyvern!
The wyvern is moderately wounded.
The wyvern barely misses you.
It was a potion of brilliance.
You feel clever all of a sudden. The wyvern closely misses you.
The wyvern bites you.
It was a potion of heal wounds.
You feel much better. The wyvern bites you!
You hit the wyvern.
The wyvern is heavily wounded.
The wyvern bites you.
You barely miss the wyvern.
The wyvern is heavily wounded.
The wyvern bites you! The wyvern closely misses you.
You hit the wyvern.
The wyvern is severely wounded.
The wyvern bites you but does no damage.
You hit the wyvern.
The wyvern is almost dead.
The wyvern closely misses you.
You hit the wyvern.
The wyvern is almost dead.
The wyvern bites you!
* * * LOW HITPOINT WARNING * * *
The wyvern bites you.
* * * LOW HITPOINT WARNING * * *
You hit the wyvern.
The wyvern is almost dead.
The wyvern bites you!
You die...

.....................#....###...#
...................####.....#...#
......#...................<....##
.###.###..................###..#
.# #.# #................#.###..#
## #.####.....#...........#....#
# ##..###.....#.......##.>....##
###....##.......l)....##...####
.####..#.......[@.....##...##
###....#.......)......##....##
......#.....####....####.....#
.#..........####....## ##....#
##..........##.).....####)..####
#.....###....#[).......#.......##
...##........)..................#
#####...#.............##.......##
# #####.................######


You could see a wyvern.

Vanquished Creatures
  An ice beast (D:4)
  An orc priest (D:4)
  A gnoll bouda (D:4)
  2 orc wizards (D:4)
  7 gnolls
  7 adders
  A river rat (Sewer)
  A white imp (D:4)
  5 worms
  2 dart slugs
  5 orcs (D:4)
  3 bats
  4 endoplasms
  5 giant cockroaches
  3 goblins
  2 hobgoblins (D:1)
  9 jackals
  7 ball pythons
  A frilled lizard (D:1)
  9 kobolds
  10 rats
86 creatures vanquished.

Notes
Turn   | Place    | Note
-------+----------+-------------------------------------------
     0 | D:1      | Mesmaeker13 the Ghoul Gladiator began the quest for the
                  | Orb.
     0 | D:1      | Reached XP level 1. HP: 17/17 MP: 0/0
   142 | D:1      | Reached XP level 2. HP: 21/25 MP: 1/1
   670 | D:2      | Reached XP level 3. HP: 29/30 MP: 2/2
   964 | D:2      | Reached skill level 4 in Unarmed Combat
   995 | D:2      | Reached XP level 4. HP: 32/38 MP: 3/3
  1334 | D:2      | Found a faded altar of an unknown god.
  1601 | D:3      | Found a glowing drain.
  1633 | Sewer    | Entered a sewer
  1774 | Sewer    | Reached XP level 5. HP: 43/45 MP: 2/4
  2667 | D:3      | You fall into a shaft and drop 1 floor!
  2894 | D:4      | Found Lodyfin's Assorted Antiques.
  3062 | D:4      | Reached XP level 6. HP: 26/52 MP: 5/5
  3064 | D:4      | Reached skill level 5 in Unarmed Combat
  3270 | D:5      | Entered Level 5 of the Dungeon
  3576 | D:5      | Noticed an ice beast
  3596 | D:4      | Killed an ice beast
  3909 | D:5      | Noticed a wyvern
  3909 | D:5      | Noticed a black bear
  3935 | D:4      | Slain by a wyvern

Illustrated notes

Levels and vault maps discovered:
D:1:      eino_arrival_cavern_b, layout_basic
D:2:      layout_basic, hellmonk_ecumenical_altar_pennies_from_heaven,
          kennysheep_decorative_pillar
D:3:      layout_loops_cross, cheibrodos_sewer_entry_sluice,
          minmay_misc_feat_doors, nrook_campfire, grunt_ministairs_15,
          chequers_decorated_corner
D:4:      layout_cave_pools, serial_shops, shop, minivault_27
D:5:      layout_rooms, elyvilon_altar_5

Skill      XL: |  1  2  3  4  5  6 |
---------------+-------------------+-----
Dodging        | 3 4 |  4.5
Fighting       | 3 4 |  4.8
Unarmed Combat | 4 5 |  5.4
Throwing       | |  1.7

Action                     |  1- 3 |  4- 6 || total
---------------------------+-------+-------++-------
  Melee: Unarmed           |    81 |   328 ||   409
         Punch             |       |     8 ||     8
  Throw: Throwing net      |     1 |     3 ||     4
         Javelin           |       |     1 ||     1
    Use: Scroll            |     1 |     3 ||     4
         Potion            |       |     5 ||     5
   Stab: Held in net/web   |     1 |       ||     1
 Armour: Leather armour    |    10 |       ||    10
         Ring mail         |     4 |   125 ||   129
  Dodge: Dodged            |    46 |   177 ||   223

Table legend: (Time is in decaauts)
 A = Elapsed time spent in this place.
 B = Non-inter-level travel time spent in this place.
 C = Inter-level travel time spent in this place.
 D = Time resting spent in this place.
 E = Time spent auto-exploring this place.
 F = Levels seen in this place.
 G = Mean time per level.
                   A        B        C        D        E       F      G
               +--------+--------+--------+--------+--------+-----+--------+
         Total |   3989 |   3802 |    187 |    578 |   2257 |   6 |  664.8 |
       Dungeon |   3397 |   3210 |    187 |    508 |   1996 |   5 |  679.4 |
         Sewer |    591 |    591 |      0 |     70 |    261 |   1 |  591.0 |
               +--------+--------+--------+--------+--------+-----+--------+

Top non-repeatable levels by time:
     D:4: 1343 daAuts
     D:2: 746 daAuts
     D:1: 703 daAuts
   Sewer: 591 daAuts
     D:3: 470 daAuts
     D:5: 134 daAuts
